 Dungeon Crawl Stone Soup version 0.31-a0-702-gf82c85558f (webtiles) character file.

Game seed: 3998914978816756541

749 Bnni the Shield-Bearer (level 8, 0/61 HPs)
             Began as a Formicid Fighter on Sept 8, 2023.
             Was an Initiate of Yredelemnul.
             Slain by a gnoll
             ... wielding a +0 whip
             ... led by a gnoll bouda
              (3 damage)
             ... on level 5 of the Dungeon.
             The game lasted 00:05:25 (3227 turns).

Bnni the Shield-Bearer (Formicid Fighter)           Turns: 3227, Time: 00:05:26

Health: 0/61       AC:  9    Str: 24    XL:     8   Next: 6%
Magic:  10/10      EV:  6    Int:  7    God:    Yredelemnul [......]
Gold:   136        SH: 14    Dex: 13    Spells: 7/7 levels left

rFire   . . .        w - +2 short sword (venom)
rCold   . . .        r - +0 tower shield
rNeg    . . .        A - +0 chain mail
rPois   +            (helmet unavailable)
rElec   .            (no cloak)
rCorr   .            (no gloves)
SInv    +            (no boots)
Will    +....        (no amulet) Stlth
                     p - ring of poison resistance
HPRegen 0.30/turn    (no ring)
MPRegen 0.12/turn

%: no passive effects
@: no status effects
A: permanent stasis, dig shafts and tunnels, antennae 3, four strong arms,
strong-willed 1, evolution 1
a: Dig, Shaft Self, Renounce Religion, Recall Undead Harvest


You were on level 5 of the Dungeon.
You worshipped Yredelemnul.
Yredelemnul was noncommittal.
You visited 1 branch of the dungeon, and saw 5 of its levels.

You collected 136 gold pieces.

Inventory:

Hand Weapons
 a - a +0 trident
 w - a +2 short sword of venom (weapon)
Missiles
 m - 5 poisoned darts
Armour
 r - a +0 tower shield (worn)
 A - a +0 chain mail (worn)
Jewellery
 p - a ring of poison resistance (left hand)
Scrolls
 c - a scroll of silence {unknown}
 e - 3 scrolls of revelation
 h - 2 scrolls of amnesia {unknown}
 i - a scroll of brand weapon {unknown}
 j - a scroll of acquirement {unknown}
 k - a scroll of enchant armour {unknown}
 n - 2 scrolls of fear {unknown}
 q - 4 scrolls of identify {unknown}
 s - a scroll of noise {unknown}
 t - a scroll of enchant weapon {unknown}
 u - a scroll of poison {unknown}
 v - a scroll of summoning {unknown}
 y - a scroll of vulnerability {unknown}
Potions
 b - a potion of mutation
 l - 2 potions of haste
 z - 2 potions of enlightenment


   Skills:
 + Level 4.9 Fighting
 * Level 5.3 Polearms
 - Level 3.2 Armour
 * Level 7.5 Shields
 + Level 3.2 Invocations


You had 7 spell levels left.
You didn't know any spells.
Your spell library contained the following spells:

 Spells                   Type           Power      Damage    Failure   Level
 Scorch                   Fire           0%         2d5       100%        2
 Flame Wave               Conj/Fire      0%         2d4       100%        4
 Summon Cactus Giant      Summ           0%         N/A       100%        6


Dungeon Overview and Level Annotations

Branches:
Dungeon (5/15)
 Temple: D:4-7

Altars:
Uskayaw
Wu Jian
Yredelemnul


Innate Abilities, Weirdness & Mutations

You cannot be hasted, slowed, berserked, paralysed or teleported.
You can dig through walls and to a lower floor.
You have a pair of large antennae on your head. (SInv)
Your four strong arms can wield two-handed weapons with a shield.
You are strong-willed. (Will+)
You have hidden genetic potential.


Message History

The gnoll hits your jelly zombie with a +0 spear.
Unknown command.
You barely miss the gnoll.
The gnoll is moderately wounded.
The gnoll hits you with a +0 whip.
* * * LOW HITPOINT WARNING * * *
The gnoll hits your jelly zombie with a +0 spear!
Your jelly zombie is destroyed!
Unknown command.
You closely miss the gnoll.
The gnoll is moderately wounded.
You block the gnoll's attack.
The gnoll hits your gnoll zombie with a +0 spear.
The gnoll barely misses you.
Unknown command.
You closely miss the gnoll.
The gnoll is moderately wounded.
The gnoll hits your gnoll zombie with a +0 spear!
Your gnoll zombie hits the gnoll.
You block the gnoll's attack.
Unknown command.
You hit the gnoll but do no damage.
The gnoll is moderately wounded.
The gnoll hits your gnoll zombie with a +0 spear.
Your gnoll zombie is destroyed!
The gnoll hits you with a +0 whip.
* * * LOW HITPOINT WARNING * * *
Unknown command.
Okay, then.
Okay, then.
You hit the gnoll.
The gnoll is poisoned.
The gnoll is heavily wounded.
The gnoll hits you with a +0 whip.
* * * LOW HITPOINT WARNING * * *
You block the gnoll's attack.
Unknown command.
You hit the gnoll.
The gnoll looks as sick as possible!
The gnoll is severely wounded.
The gnoll hits you with a +0 whip.
You die...
Your body rises from the dead as a mindless zombie.

# ####### .##
#.....#########... #######
#........[........
.......##@................
..PPP.Z)#g................
PP.P..))g.........=.......
P.......#.................
.......)#.................
P.......#.....#......#####
PP....P.......#......#
P.P..P..#.....#......###
......P.......#........# #


You could see 2 gnolls.

Vanquished Creatures
  A water moccasin (D:5)
  An ogre (D:5)
  A scorpion (D:5)
  A hound (D:4)
  A jelly (D:5)
  2 gnoll boudas (D:5)
  3 iguanas
  5 gnolls
  7 adders
  A worm (D:2)
  4 dart slugs
  6 orcs
  4 ball pythons
  5 bats
  5 endoplasms
  4 giant cockroaches
  2 goblins
  4 hobgoblins
  8 jackals
  7 kobolds
  5 quokkas
  3 frilled lizards (D:1)
  5 rats
85 creatures vanquished.

Vanquished Creatures (collateral kills)
  2 hounds
  An iguana (D:4)
  A gnoll (D:4)
  A bat (D:3)
  A goblin (D:4)
  A kobold (D:4)
7 creatures vanquished.

Vanquished Creatures (others)
  A scorpion zombie (D:5)
  A hound zombie (D:5)
  An adder zombie (D:4)
  2 iguana zombies
  A jelly zombie (D:5)
  A bat zombie (D:3)
  A gnoll zombie (D:5)
  A ball python zombie (D:4)
  An endoplasm zombie (D:4)
  A goblin zombie (D:4)
11 creatures vanquished.

Grand Total: 103 creatures vanquished

Notes
Turn   | Place    | Note
-------+----------+-------------------------------------------
     0 | D:1      | Bnni the Formicid Fighter began the quest for the Orb.
     0 | D:1      | Reached XP level 1. HP: 18/18 MP: 1/1
    78 | D:1      | Reached XP level 2. HP: 21/24 MP: 2/2
   275 | D:1      | Reached XP level 3. HP: 19/29 MP: 3/3
   893 | D:2      | Reached skill level 5 in Shields
   953 | D:2      | Reached XP level 4. HP: 37/37 MP: 4/4
  1394 | D:3      | Identified the +0 ring mail of Mirth {rPois}
  1398 | D:3      | Found a basalt altar of Yredelemnul.
  1409 | D:3      | Became a worshipper of Yredelemnul the Dark
  1464 | D:3      | Found an ornate altar of the Wu Jian Council.
  1482 | D:3      | Reached * piety under Yredelemnul
  1705 | D:3      | Reached ** piety under Yredelemnul
  1734 | D:3      | Reached XP level 5. HP: 42/42 MP: 5/5
  1957 | D:4      | Reached skill level 1 in Invocations
  2084 | D:4      | Reached XP level 6. HP: 12/48 MP: 7/7
  2488 | D:4      | Reached skill level 6 in Shields
  2811 | D:5      | Entered Level 5 of the Dungeon
  2897 | D:5      | Noticed a water moccasin
  2911 | D:5      | Killed a water moccasin
  2912 | D:5      | Reached XP level 7. HP: 9/55 MP: 8/8
  2913 | D:5      | Gained mutation: You have hidden genetic potential. [potion
                  | of mutation]
  2913 | D:5      | Gained mutation: Your muscles are strong. (Str +4, Int/Dex
                  | -1) [potion of mutation]
  2913 | D:5      | Lost mutation: Your muscles are strong. (Str +4, Int/Dex
                  | -1) [potion of mutation]
  2913 | D:5      | Gained mutation: You are strong-willed. (Will+) [potion of
                  | mutation]
  2916 | D:5      | HP: 3/82 [poisoned by a water moccasin]
  2917 | D:5      | HP: 1/55 [poisoned by a water moccasin]
  3048 | D:5      | Found a hide-covered altar of Uskayaw.
  3079 | D:5      | Reached skill level 5 in Polearms
  3079 | D:5      | Reached skill level 7 in Shields
  3208 | D:5      | Reached XP level 8. HP: 28/61 MP: 10/10
  3226 | D:5      | HP: 3/61 [gnoll/+0 whip[a gnoll bouda] (2)]
  3227 | D:5      | Slain by a gnoll

Illustrated notes

Levels and vault maps discovered:
D:1:      tarquinn_simple_flora_water_a, layout_loops_cross, serial_rivers,
          chequers_serial_rivers_micro_d, chequers_serial_rivers_room_a,
          chequers_serial_rivers_micro_b, chequers_serial_rivers_micro_b,
          chequers_serial_rivers_large_a, hangedman_feature_mirror
D:2:      layout_rooms
D:3:      layout_basic, mainiacjoe_overflow_catch_the_wave
D:4:      layout_basic, grunt_ministairs_7, st_stairs_14,
          kennysheep_generic_room_6
D:5:      layout_basic, mainiacjoe_overflow_24_doors,
          eat_drink_and_be_merry_uskayaw, minmay_temple_entry_tees,
          nicolae_grassy_gnolls

Skill      XL: |  1  2  3  4  5  6  7 |
---------------+----------------------+-----
Shields        | 5 6 7 |  7.5
Polearms       | 3 4 5 |  5.3
Fighting       | 4 |  4.9
Invocations    | 1 2 3 |  3.2
Armour         | |  3.2

Action                     |  1- 3 |  4- 6 |  7- 9 || total
---------------------------+-------+-------+-------++-------
  Melee: Trident           |    82 |    70 |       ||   152
         Short sword       |       |    84 |    53 ||   137
  Throw: Dart              |       |       |     4 ||     4
 Invoke: Dark Bargain      |       |     1 |       ||     1
    Use: Scroll            |       |     2 |       ||     2
         Potion            |       |     1 |     7 ||     8
   Stab: Distracted        |       |     1 |       ||     1
 Armour: Scale mail        |    35 |    43 |       ||    78
         Chain mail        |       |    39 |    44 ||    83
  Dodge: Dodged            |    35 |    39 |    10 ||    84
  Block: Buckler           |    11 |     3 |       ||    14
         Tower shield      |       |    92 |    66 ||   158

Table legend: (Time is in decaauts)
 A = Elapsed time spent in this place.
 B = Non-inter-level travel time spent in this place.
 C = Inter-level travel time spent in this place.
 D = Time resting spent in this place.
 E = Time spent auto-exploring this place.
 F = Levels seen in this place.
 G = Mean time per level.
                   A        B        C        D        E       F      G
               +--------+--------+--------+--------+--------+-----+--------+
         Total |   3315 |   3191 |    124 |    228 |   2249 |   5 |  663.0 |
       Dungeon |   3315 |   3191 |    124 |    228 |   2249 |   5 |  663.0 |
               +--------+--------+--------+--------+--------+-----+--------+

Top non-repeatable levels by time:
     D:1: 892 daAuts
     D:4: 884 daAuts
     D:3: 601 daAuts
     D:2: 504 daAuts
     D:5: 432 daAuts
